PAAA
CALGARY LYNX @ NAPERVILLE BATTLEKINGS
08/01/2024
 
TOP OF THE 1ST
Calgary Lynx batting - Pitching for Naperville Battlekings : RHP Willis Parker
Pitching: RHP Willis Parker
Batting: RHB Darren Tomlinson 0-0: Ball
1-0: Ball
2-0: Ball
3-0: Called Strike
3-1: Base on Balls
Batting: RHB José Carlos Ramos 0-0: Called Strike
0-1: Ball
1-1: Ball
2-1: Ball
3-1: Foul Ball, location: 2F
3-2: Base on Balls
Darren Tomlinson to second
Batting: LHB Héctor Cortéz 0-0: Called Strike
0-1: Foul Ball, location: 2F
0-2: Grounds into double play, U6-3 (Groundball, 6M)
Darren Tomlinson to third
Batting: LHB Rufo Flores 0-0: Ball
1-0: Called Strike
1-1: Ball
2-1: 2-RUN HOME RUN (Flyball, 7D), Distance : 384 ft
Batting: RHB David Ramírez 0-0: Called Strike
0-1: DOUBLE (Line Drive, 89M)
Batting: LHB Luis Rodríguez 0-0: SINGLE (Line Drive, 4MD)
David Ramírez to third
Batting: RHB Hieu De 0-0: Swinging Strike
0-1: Swinging Strike
0-2: Ball
1-2: Strikes out looking
Top of the 1st over - 2 run(s), 3 hit(s), 0 error(s), 2 left on base; Calgary 2 - Naperville 0
BOTTOM OF THE 1ST
Naperville Battlekings batting - Pitching for Calgary Lynx : LHP Elroy Gardner
Pitching: LHP Elroy Gardner
Batting: RHB Matt Love 0-0: Ball
1-0: Ball
2-0: Ball
3-0: Called Strike
3-1: SINGLE (Line Drive, 78S)
Batting: RHB Ray Porch 0-0: Ball
1-0: Called Strike
1-1: Ball
2-1: Grounds into double play, 6-4-3 (Groundball, 6M)
Batting: RHB Jorge Baker 0-0: Ball
1-0: Ball
2-0: Foul Ball, location: 2F
2-1: Ball
3-1: Foul Ball, location: 2F
3-2: Fly out, F8 (Flyball, 8RD)
Bottom of the 1st over - 0 run(s), 1 hit(s), 0 error(s), 0 left on base; Calgary 2 - Naperville 0
TOP OF THE 2ND
Calgary Lynx batting - Pitching for Naperville Battlekings : RHP Willis Parker
Batting: RHB Dusty Childress 0-0: SINGLE (Line Drive, 7LS)
Batting: RHB Chris Woodruff 0-0: Swinging Strike
0-1: Swinging Strike
0-2: Ball
1-2: Ball
Dusty Childress steals 2nd base
2-2: Strikes out swinging
Batting: RHB Darren Tomlinson 0-0: Ball
1-0: Ball
2-0: Ball
3-0: Base on Balls
Batting: RHB José Carlos Ramos 0-0: Grounds into double play, 6-4-3 (Groundball, 56)
Top of the 2nd over - 0 run(s), 1 hit(s), 0 error(s), 1 left on base; Calgary 2 - Naperville 0
BOTTOM OF THE 2ND
Naperville Battlekings batting - Pitching for Calgary Lynx : LHP Elroy Gardner
Batting: LHB Cristo Ramírez 0-0: Ball
1-0: Foul Ball, location: 2F
1-1: Ball
2-1: Ball
3-1: Foul Ball, location: 2F
3-2: Ground out 4-3 (Groundball, 4)
Batting: RHB Álex Rodríguez 0-0: Called Strike
0-1: Called Strike
0-2: Foul Ball, location: 2F
0-2: Foul Ball, location: 2F
0-2: Ball
1-2: Strikes out swinging
Batting: RHB Edward Payne 0-0: Called Strike
0-1: Ball
1-1: Foul Ball, location: 2F
1-2: Foul Ball, location: 2F
1-2: SINGLE (Line Drive, 34D)
Batting: LHB Joe Cashmore 0-0: Ball
1-0: Called Strike
1-1: Swinging Strike
1-2: Ball
2-2: Fly out, F9 (Flyball, 89XD)
Bottom of the 2nd over - 0 run(s), 1 hit(s), 0 error(s), 1 left on base; Calgary 2 - Naperville 0
TOP OF THE 3RD
Calgary Lynx batting - Pitching for Naperville Battlekings : RHP Willis Parker
Batting: LHB Héctor Cortéz 0-0: Ball
1-0: Foul Ball, location: 2F
1-1: Called Strike
1-2: Ball
2-2: Strikes out swinging
Batting: LHB Rufo Flores 0-0: Ball
1-0: Ball
2-0: Foul Ball, location: 2F
2-1: Ball
3-1: Called Strike
3-2: Foul Ball, location: 2F
3-2: Foul Ball, location: 2F
3-2: Base on Balls
Batting: RHB David Ramírez 0-0: Swinging Strike
0-1: Ball
1-1: Ball
2-1: Ball
3-1: Swinging Strike
3-2: Foul Ball, location: 2F
3-2: SINGLE (Line Drive, 34D)
Rufo Flores to second
Runner from 2nd tries for 3rd, SAFE, no throw or cutoff
Batting: LHB Luis Rodríguez 0-0: Ball
1-0: Foul Ball, location: 2F
1-1: Fielders Choice at 2nd, 3-6 (Groundball, 3)
Rufo Flores scores
Batting: RHB Hieu De 0-0: Called Strike
0-1: Ball
1-1: Called Strike
1-2: Foul Ball, location: 2F
1-2: Ball
2-2: Ball
3-2: Strikes out swinging
Top of the 3rd over - 1 run(s), 1 hit(s), 0 error(s), 1 left on base; Calgary 3 - Naperville 0
BOTTOM OF THE 3RD
Naperville Battlekings batting - Pitching for Calgary Lynx : LHP Elroy Gardner
Batting: LHB Naohiro Sakai 0-0: Ball
1-0: Foul Ball, location: 2F
1-1: SOLO HOME RUN (Flyball, 89XD), Distance : 404 ft
Batting: SHB Daryl Lloyd 0-0: SINGLE (Flyball, 8RS)
Batting: RHB Matt Love 0-0: Ball
1-0: Called Strike
1-1: Foul Ball, location: 2F
1-2: Foul Ball, location: 2F
1-2: Ground out 5-3 (Groundball, 15S)
Daryl Lloyd to second
Batting: RHB Ray Porch 0-0: Called Strike
0-1: Ball
1-1: Fly out, F9 (Line Drive, 9M)
Batting: RHB Jorge Baker 0-0: Called Strike
0-1: 2-RUN HOME RUN (Flyball, 7D), Distance : 382 ft
Batting: LHB Cristo Ramírez 0-0: Ball
1-0: TRIPLE (Line Drive, 78XD)
Batting: RHB Álex Rodríguez 0-0: Called Strike
0-1: SINGLE (Groundball, 4MD)
Cristo Ramírez scores
Batting: RHB Edward Payne 0-0: Foul Ball, location: 2F
0-1: Called Strike
0-2: Foul Ball, location: 2F
0-2: Ball
1-2: Fly out, F9 (Flyball, 9M)
Bottom of the 3rd over - 4 run(s), 5 hit(s), 0 error(s), 1 left on base; Calgary 3 - Naperville 4
TOP OF THE 4TH
Calgary Lynx batting - Pitching for Naperville Battlekings : RHP Willis Parker
Batting: RHB Dusty Childress 0-0: Ball
1-0: Foul Ball, location: 2F
1-1: Ball
2-1: Fly out, F7 (Flyball, 7M)
Batting: RHB Chris Woodruff 0-0: Called Strike
0-1: Foul Ball, location: 2F
0-2: Strikes out swinging
Batting: RHB Darren Tomlinson 0-0: Ball
1-0: Ball
2-0: Called Strike
2-1: Called Strike
2-2: Ball
3-2: Foul Ball, location: 2F
3-2: Base on Balls
Batting: RHB José Carlos Ramos 0-0: Ground out 6-3 (Groundball, 6)
Top of the 4th over - 0 run(s), 0 hit(s), 0 error(s), 1 left on base; Calgary 3 - Naperville 4
BOTTOM OF THE 4TH
Naperville Battlekings batting - Pitching for Calgary Lynx : LHP Elroy Gardner
Batting: LHB Joe Cashmore 0-0: Ball
1-0: Foul Ball, location: 2F
1-1: Ball
2-1: Called Strike
2-2: Ball
3-2: Foul Ball, location: 2F
3-2: Foul Ball, location: 2F
3-2: Foul Ball, location: 2F
3-2: Strikes out swinging, 2-3 out at first.
Batting: LHB Naohiro Sakai 0-0: Fly out, F4 (Popup, 4)
Batting: SHB Daryl Lloyd 0-0: Fly out, F9 (Flyball, 89M)
Bottom of the 4th over - 0 run(s), 0 hit(s), 0 error(s), 0 left on base; Calgary 3 - Naperville 4
TOP OF THE 5TH
Calgary Lynx batting - Pitching for Naperville Battlekings : RHP Willis Parker
Batting: LHB Héctor Cortéz 0-0: SINGLE (Flyball, 8LS)
Batting: LHB Rufo Flores 0-0: Called Strike
0-1: Fly out, F7 (Popup, 6D)
Batting: RHB David Ramírez 0-0: Ball
1-0: Called Strike
1-1: Ball
2-1: Ball
3-1: Foul Ball, location: 2F
3-2: Reached on Error, E8 (Flyball, 8RM)
Héctor Cortéz to second
Pitching: RHP William Taylor
Batting: LHB Luis Rodríguez 0-0: SINGLE (Groundball, 4MD)
Héctor Cortéz to third
David Ramírez to second
Batting: RHB Hieu De 0-0: Called Strike
0-1: Ball
1-1: Ball
2-1: Grounds into double play, 6-4-3 (Groundball, 6)
Top of the 5th over - 0 run(s), 2 hit(s), 1 error(s), 2 left on base; Calgary 3 - Naperville 4
BOTTOM OF THE 5TH
Naperville Battlekings batting - Pitching for Calgary Lynx : LHP Elroy Gardner
Batting: RHB Matt Love 0-0: SINGLE (Line Drive, 7S)
Batting: RHB Ray Porch 0-0: Reached on error, E2 (Groundball, 25)
Matt Love to third
Batting: RHB Jorge Baker 0-0: Ball
1-0: Fly out, F7 (Flyball, 78D)
Runner from 3rd tags up, SCORES, no throw
Batting: LHB Cristo Ramírez 0-0: Ball
1-0: Swinging Strike
1-1: Fly out, F8 (Flyball, 8LD)
Runner from 2nd tags up, SAFE at 3rd, no throw
Batting: RHB Álex Rodríguez 0-0: Ball
1-0: Called Strike
1-1: Foul Ball, location: 2F
1-2: Foul Ball, location: 2F
1-2: Ball
2-2: Strikes out swinging
Bottom of the 5th over - 1 run(s), 1 hit(s), 1 error(s), 1 left on base; Calgary 3 - Naperville 5
TOP OF THE 6TH
Calgary Lynx batting - Pitching for Naperville Battlekings : RHP William Taylor
Batting: RHB Dusty Childress 0-0: Ball
1-0: Ball
2-0: Ground out 4-3 (Groundball, 4)
Batting: RHB Chris Woodruff 0-0: Ball
1-0: Swinging Strike
1-1: Swinging Strike
1-2: Ball
2-2: Foul Ball, location: 2F
2-2: Ball
3-2: Ground out 5-3 (Groundball, 5L)
Batting: RHB Darren Tomlinson 0-0: Ball
1-0: Foul Ball, location: 2F
1-1: Called Strike
1-2: Ball
2-2: Strikes out looking
Top of the 6th over - 0 run(s), 0 hit(s), 0 error(s), 0 left on base; Calgary 3 - Naperville 5
BOTTOM OF THE 6TH
Naperville Battlekings batting - Pitching for Calgary Lynx : LHP Elroy Gardner
Batting: RHB Edward Payne 0-0: Ball
1-0: Foul Ball, location: 2F
1-1: Called Strike
1-2: Strikes out swinging
Batting: LHB Joe Cashmore 0-0: Foul Ball, location: 2F
0-1: Reached on error, E3 (Groundball, 34S)
Batting: LHB Naohiro Sakai 0-0: Ball
1-0: Called Strike
1-1: Ball
2-1: Ball
3-1: Foul Ball, location: 2F
3-2: Base on Balls
Batting: SHB Daryl Lloyd 0-0: Foul Ball, location: 2F
0-1: Ball
1-1: Ball
2-1: SINGLE (Popup, 78S)
Joe Cashmore to third
Naohiro Sakai to second
Pitching: LHP Alonso García
Batting: RHB Matt Love 0-0: Swinging Strike
0-1: Ball
1-1: Fly out, F7 (Flyball, 7S)
Batting: RHB Ray Porch 0-0: Ball
1-0: Swinging Strike
1-1: Called Strike
1-2: Ball
2-2: Strikes out swinging
Bottom of the 6th over - 0 run(s), 1 hit(s), 1 error(s), 3 left on base; Calgary 3 - Naperville 5
TOP OF THE 7TH
Calgary Lynx batting - Pitching for Naperville Battlekings : RHP William Taylor
Batting: RHB José Carlos Ramos 0-0: Ground out 6-3 (Groundball, 6)
Batting: LHB Héctor Cortéz 0-0: Ball
1-0: Ball
2-0: Swinging Strike
2-1: Ground out 4-3 (Groundball, 4)
Batting: LHB Rufo Flores 0-0: Ball
1-0: Ball
2-0: SINGLE (Line Drive, 6MD)
Batting: RHB David Ramírez 0-0: Ball
1-0: Called Strike
1-1: Swinging Strike
1-2: Strikes out swinging
Top of the 7th over - 0 run(s), 1 hit(s), 0 error(s), 1 left on base; Calgary 3 - Naperville 5
BOTTOM OF THE 7TH
Naperville Battlekings batting - Pitching for Calgary Lynx : LHP Alonso García
Batting: RHB Jorge Baker 0-0: Ball
1-0: Ball
2-0: SINGLE (Groundball, 56)
Batting: LHB Cristo Ramírez 0-0: 2-RUN HOME RUN (Flyball, 8RXD), Distance : 435 ft
Batting: RHB Álex Rodríguez 0-0: Fly out, F7 (Flyball, 7M)
Batting: RHB Edward Payne 0-0: Ball
1-0: Foul Ball, location: 2F
1-1: Called Strike
1-2: Ball
2-2: Foul Ball, location: 2F
2-2: Ground out 4-3 (Groundball, 4)
Batting: LHB Joe Cashmore 0-0: Called Strike
0-1: Swinging Strike
0-2: Ground out 4-3 (Groundball, 4)
Bottom of the 7th over - 2 run(s), 2 hit(s), 0 error(s), 0 left on base; Calgary 3 - Naperville 7
TOP OF THE 8TH
Calgary Lynx batting - Pitching for Naperville Battlekings : RHP William Taylor
Batting: LHB Luis Rodríguez 0-0: Ball
1-0: Ball
2-0: Called Strike
2-1: Ground out 4-3 (Groundball, 4M)
Batting: RHB Hieu De 0-0: Called Strike
0-1: TRIPLE (Flyball, 89D)
Batting: RHB Dusty Childress 0-0: Ball
1-0: Called Strike
1-1: Ball
2-1: Ball
3-1: Called Strike
3-2: Foul Ball, location: 2F
3-2: Fly out, F7 (Flyball, 7S)
Batting: RHB Chris Woodruff 0-0: Ball
1-0: Ball
2-0: Swinging Strike
2-1: Swinging Strike
2-2: Strikes out swinging
Top of the 8th over - 0 run(s), 1 hit(s), 0 error(s), 1 left on base; Calgary 3 - Naperville 7
BOTTOM OF THE 8TH
Naperville Battlekings batting - Pitching for Calgary Lynx : LHP Alonso García
Batting: LHB Naohiro Sakai 0-0: Swinging Strike
0-1: Called Strike
0-2: Ball
1-2: Ball
2-2: Ball
3-2: Foul Ball, location: 2F
3-2: Base on Balls
Batting: SHB Daryl Lloyd 0-0: Bunted foul
0-1: Ball
1-1: Bunted foul
1-2: SINGLE (Groundball, 56D)
Naohiro Sakai to second
Pitching: RHP Jorge Rivas
Batting: RHB Matt Love 0-0: Ball
1-0: Bunt missed!
1-1: Bunt missed!
1-2: Strikes out swinging
Batting: RHB Ray Porch 0-0: Fly out, F8 (Line Drive, 8RM)
Batting: RHB Jorge Baker 0-0: Ball
1-0: Fly out, F2 (Popup, 2LF)
Bottom of the 8th over - 0 run(s), 1 hit(s), 0 error(s), 2 left on base; Calgary 3 - Naperville 7
TOP OF THE 9TH
Calgary Lynx batting - Pitching for Naperville Battlekings : RHP William Taylor
Pitching: RHP David Francisco
Batting: RHB Darren Tomlinson 0-0: Ball
1-0: Foul Ball, location: 2F
1-1: SINGLE (Groundball, 5L)
Batting: RHB José Carlos Ramos 0-0: Swinging Strike
0-1: Called Strike
0-2: Ball
1-2: Ball
2-2: Foul Ball, location: 2F
2-2: Ball
3-2: Base on Balls
Darren Tomlinson to second
Pitching: LHP Jason Puckett
Batting: LHB Héctor Cortéz 0-0: Ball
1-0: Fly out, F6 (Popup, 56D)
Batting: LHB Rufo Flores 0-0: Foul Ball, location: 2F
0-1: Ball
1-1: Ball
2-1: Fly out, F9 (Line Drive, 9M)
Batting: RHB David Ramírez 0-0: Called Strike
0-1: Foul Ball, location: 2F
0-2: Ball
1-2: Fly out, F8 (Flyball, 8RM)
Top of the 9th over - 0 run(s), 1 hit(s), 0 error(s), 2 left on base; Calgary 3 - Naperville 7
This league is powered by Out of the Park Baseball, the baseball management simulation game for PC, Mac and Linux
Monday, October 3rd, 2016 - OOTP Baseball 16.9 Build 39